 Dungeon Crawl Stone Soup version 0.15.0-18-g9076a4f (webtiles) character file.

6 Bloax the Insei (level 1, -8/9 HPs)
             Began as a Vine Stalker Transmuter on Sept 6, 2014.
             Killed from afar by a hobgoblin (10 damage)
             ... with a wand of flame
             ... on Level 2 of the Dungeon.
             The game lasted 00:00:48 (186 turns).

Bloax the Insei (Vine Stalker Transmuter)            Turns: 186, Time: 00:00:48

HP  -8/9         AC  3     Str 12      XL: 1   Next: 90%
MP   0/3         EV 12     Int 13      God:
Gold 42          SH  0     Dex 14      Spells:  1 memorised,  4 levels left

rFire  . . .     SeeInvis .       - Unarmed
rCold  . . .     Clarity  .     c - +0 robe
rNeg   . . .     rCorr    .     (no shield)
rPois  .         rRot     +     (no helmet)
rElec  .         Spirit   +     f - +0 cloak
SustAb .         Warding  .     (no gloves)
rMut   .         Stasis   .     (no boots)
Gourm  .                        h - amulet of faith {!P}
MR     .....                    (no ring)
                                (no ring)

@: not resistant to hostile enchantments, very unstealthy
A: fangs 2, regeneration 1, magic shield, antimagic bite, no device heal 3, rot
immunity
a: no special abilities


You were on level 2 of the Dungeon.
You were not hungry.

You visited 1 branch of the dungeon, and saw 2 of its levels.

You collected 42 gold pieces.


Innate Abilities, Weirdness & Mutations

You have extremely sharp teeth.
Your natural rate of healing is unusually fast.
When hurt, damage is shared between your health and your magic reserves.
Your bite disrupts and absorbs the magic of your enemies.
Potions and wands cannot restore your health.
You are immune to rotting.


   Skills:
 - Level 0.8 Fighting
 - Level 1.5 Dodging
 - Level 3.0 Unarmed Combat
 + Level 2.5 Spellcasting
 + Level 2.2 Transmutations


You had 4 spell levels left.
You knew the following spells:

 Your Spells              Type           Power        Failure   Level  Hunger
a - Beastly Appendage     Trmt           #.....       12%         1    #......


Dungeon Overview and Level Annotations

Branches:
Dungeon (2/15)

Altars:
Fedhas
Nemelex Xobeh
Vehumet

Inventory:

Missiles
 b - 12 arrows
Armour
 c - a +0 robe (worn)
 f - a +0 cloak (worn)
   (You found it on level 1 of the Dungeon)
Comestibles
 a - a bread ration
Scrolls
 e - a scroll of teleportation {unknown}
 g - a scroll of amnesia {unknown}
 i - a scroll of enchant armour {unknown}
Jewellery
 h - an amulet of faith (around neck) {!P}
   (You found it on level 1 of the Dungeon)
Books
 d - a book of Changes

   Spells                             Type                      Level
   *Beastly Appendage                 Transmutation                1
   Sticks to Snakes                   Transmutation                2
   Spider Form                        Transmutation/Poison         3
   Ice Form                           Ice/Transmutation            4
   Blade Hands                        Transmutation                5

#.# #.# #.# #.#
#.# #.#
########.#
.........#######
#######...@b...#
#...#g.....#
#...$....#..
...!#._.#..#
###........##
##...#...#
#$......#
####.#### .


You could see a hobgoblin and a bat.


Message History

The jackal bites you. The jackal closely misses you.
The jackal barely misses you.
You closely miss the jackal. You claw the jackal.
You bite the jackal, but do no damage.
The jackal is moderately wounded.
Your transformation is almost over.
The jackal barely misses you.
You barely miss the jackal. You bite the jackal. You drain its power.
You feel invigorated.
The jackal is severely wounded.
The jackal closely misses you.
Unknown command.
You hit the jackal.
You kill the jackal!
You hit the jackal.
You kill the jackal!
Unknown command.
You barely miss the jackal. The jackal bites you. The jackal misses you.
Unknown command.
You closely miss the jackal. You claw the jackal.
The jackal is severely wounded.
The jackal closely misses you.
You hit the jackal but do no damage. You claw the jackal, but do no damage.
The jackal is severely wounded.
The jackal bites you but does no damage.
You barely miss the jackal.
The jackal is severely wounded.
The jackal bites you.
The jackal bites you but does no damage.
You closely miss the jackal. You bite the jackal, but do no damage.
The jackal is severely wounded.
The jackal bites you but does no damage.
You miss the jackal.
The jackal is severely wounded.
The jackal bites you but does no damage.
You hit the jackal.
You kill the jackal!
You hit the jackal. You bite the jackal. You drain its power.
You kill the jackal!
Your talons disappear.
Things that are here:
a jackal corpse x2
Unknown command.
Found a stone staircase leading down.
Found a spear.
There is a stone staircase leading down here.
You climb downwards.
Found 11 stones.
Found a blossoming altar of Fedhas.
There is a stone staircase leading up here.
You see here 11 stones.
There is a stone staircase leading up here.
Found a yellow potion.
Found a radiant altar of Vehumet.
Found 12 gold pieces. 2 hobgoblins come into view.
The hobgoblin shouts! x2
The hobgoblin moves out of view.
The hobgoblin zaps a wand.
The puff of flame hits you!
Found 12 gold pieces.
A bat comes into view.
The hobgoblin moves out of view.
The bat hits you but does no damage. The bat hits you but does no damage.
The hobgoblin zaps a wand.
The puff of flame hits you!
Ouch! That really hurt!
* * * LOW HITPOINT WARNING * * *
The bat hits you but does no damage. The bat closely misses you.
The hobgoblin zaps a wand.
The puff of flame hits you!
Ouch! That really hurt!
You die...

Action                   || total
-------------------------++-------
Melee: Unarmed           ||    17
 Cast: Beastly Appendage ||     2

Vault maps used:
D:1:      sevenhm_arrival_forest_fort_small_6, nemelex_diamond_rough_becter
D:2:      fedhas_altar_3, vehumet_altar_wand_db,
          yredelemnul_forgotten_temple_becter, okawaru_trees_2, uniq_jessica

Notes
Turn   | Place    | Note
--------------------------------------------------------------
     0 | D:1      | Bloax, the Vine Stalker Transmuter, began the quest for the Orb.
     0 | D:1      | Reached XP level 1. HP: 9/9 MP: 3/3
   123 | D:1      | Found a sparkling altar of Nemelex Xobeh.
   170 | D:2      | Found a blossoming altar of Fedhas.
   180 | D:2      | Found a radiant altar of Vehumet.
   185 | D:2      | HP: 1/9 [hobgoblin/wand of flame (5)]
   186 | D:2      | Killed from afar by a hobgoblin

Vanquished Creatures
  4 jackals (D:1)
  A goblin (D:1)
  A rat (D:1)
6 creatures vanquished.
